 Dungeon Crawl Stone Soup version 0.27-a0-931-g5a74e75d8f (webtiles) character file.

Game seed: 9975654998376672694

10 Alarkh the Insei (level 2, 22/22 HPs)
             Began as a Demonspawn Gladiator on Apr 10, 2021.
             Got out of the dungeon alive.
             The game lasted 00:00:27 (322 turns).

Alarkh the Insei (Demonspawn Gladiator)              Turns: 322, Time: 00:00:27

Health: 22/22      AC:  4    Str: 14    XL:     2   Next: 10%
Magic:  2/2        EV: 12    Int:  9    God:
Gold:   10         SH:  0    Dex: 14    Spells: 1/1 levels left

rFire    . . .     SeeInvis .     - Unarmed
rCold    . . .     Faith    .   (no shield)
rNeg     . . .     Spirit   .   a - +0 leather armour
rPois    .         Reflect  .   b - +0 helmet
rElec    .         Harm     .   (no cloak)
rCorr    .         Rampage  .   (no gloves)
Will     .....                  (no boots)
Stlth    +.........             (no amulet)
HPRegen  0.07/turn              (no ring)
MPRegen  0.08/turn              (no ring)

@: no status effects
A: powered by pain 1
a: no special abilities


You escaped.
You visited 1 branch of the dungeon, and saw 1 of its levels.

You collected 10 gold pieces.

Inventory:

Missiles
 c - 3 throwing nets (quivered)
Armour
 a - a +0 leather armour (worn)
 b - a +0 helmet (worn)
Scrolls
 e - a scroll of teleportation {unknown}
Potions
 d - 2 potions of cancellation {unknown}


   Skills:
 + Level 2.2 Fighting
 - Level 1.7 Throwing
 - Level 2.6 Dodging
 * Level 3.1 Unarmed Combat


You had one spell level left.
You didn't know any spells.
Your spell library was empty.

Dungeon Overview and Level Annotations

Branches:
Dungeon (1/15)

Altars:


Innate Abilities, Weirdness & Mutations

You sometimes gain a little power by taking damage.


Message History

The bat is moderately wounded.
The bat hits you but does no damage.
You hit the bat.
The bat is severely wounded.
The bat hits you but does no damage.
You hit the bat.
You kill the bat!
You have reached level 2!
Your demonic ancestry asserts itself...
You feel energised by your suffering.
HP restored.
You now have 10 gold pieces.
d - 2 viscous coppery potions (gained 1)
A rat comes into view.
Found 13 gold pieces.
A hobgoblin comes into view.
The hobgoblin shouts!
The rat bites you but does no damage.
You hit the rat.
You kill the rat!
You see here a rat corpse.
The hobgoblin hits you.
You closely miss the hobgoblin. The hobgoblin hits you.
You hit the hobgoblin but do no damage. The hobgoblin closely misses you.
You hit the hobgoblin.
The hobgoblin is lightly wounded.
You barely miss the hobgoblin.
The hobgoblin is lightly wounded.
The hobgoblin closely misses you.
You hit the hobgoblin.
You kill the hobgoblin!
No target in view!
No target in view!
Unknown command.
Found 15 gold pieces.
You enter the shallow water.
Moving in this stuff is going to be slow.
There is a staircase leading out of the dungeon here.
Are you sure you want to leave the Dungeon?
This will make you lose the game!
You have escaped!

..##....#.###.....>.....
..##...................
..##....#.#####.####..#
........#.#.#.#.#.#.#.#
..####..#..#.#.#.#.#.#
........#.#.#.≈≈≈≈≈.#.#
..###...#..#.#≈...≈#.#
..#.....#.#.#.≈...≈.#
.÷....#.#..#.#≈.@.≈#.#
..#...#.#.#.#.≈≈≈≈≈.#.#
#.#........#.#.#.#.#.#.#
......#.###.#.#+#.#.#.##
........# ##.... .#####
#.##.#### #......#
#.##.#.. .......#
...#.#.####. ....#
.###.#.##.# .$.


There were no monsters in sight!

Vanquished Creatures
  A bat (D:1)
  A giant cockroach (D:1)
  A hobgoblin (D:1)
  3 jackals (D:1)
  A quokka (D:1)
  A rat (D:1)
8 creatures vanquished.

Notes
Turn   | Place    | Note
-------+----------+-------------------------------------------
     0 | D:1      | Alarkh the Demonspawn Gladiator began the quest for the
                  | Orb.
     0 | D:1      | Reached XP level 1. HP: 16/16 MP: 1/1
    51 | D:1      | Reached skill level 3 in Unarmed Combat
    82 | D:1      | Gained mutation: You sometimes gain a little power by
                  | taking damage. [demonic ancestry]
    82 | D:1      | Reached XP level 2. HP: 9/22 MP: 2/2
   322 | D:$      | Got out of the dungeon alive.

Illustrated notes

Levels and vault maps discovered:
D:1:      ncdulo_watergridlock, layout_basic,
          shapermc_ecumenical_altar_notcrosses, serial_shops, shop

Skill      XL: |  1 |
---------------+----+-----
Unarmed Combat | 3 |  3.1
Fighting       | |  2.2
Throwing       | |  1.7
Dodging        | |  2.6

Action                   || total
-------------------------++-------
Melee: Unarmed           ||    34
Armor: Leather armour    ||    11
Dodge: Dodged            ||    21

Table legend: (Time is in decaauts)
 A = Elapsed time spent in this place.
 B = Non-inter-level travel time spent in this place.
 C = Inter-level travel time spent in this place.
 D = Time resting spent in this place.
 E = Time spent auto-exploring this place.
 F = Levels seen in this place.
 G = Mean time per level.
                   A        B        C        D        E       F      G
               +--------+--------+--------+--------+--------+-----+--------+
         Total |    321 |    298 |     23 |      3 |    231 |   1 |  321.0 |
       Dungeon |    321 |    298 |     23 |      3 |    231 |   1 |  321.0 |
               +--------+--------+--------+--------+--------+-----+--------+

Top non-repeatable levels by time:
     D:1: 321 daAuts
